 Dungeon Crawl Stone Soup version 0.31-a0-408-gb642c7f9a3 (webtiles) character file.

Game seed: 1780267808997133934

1570 themarg the Destroyer (level 8, -4/43 HPs)
             Began as a Tengu Conjurer on July 30, 2023.
             Was an Initiate of Gozag.
             Killed from afar by a steam dragon (26 damage)
             ... with a ball of steam
             ... on level 6 of the Dungeon.
             The game lasted 00:20:30 (8505 turns).

themarg the Destroyer (Tengu Conjurer)              Turns: 8505, Time: 00:20:31

Health: -4/43      AC:  3    Str:  7    XL:     8   Next: 90%
Magic:  9/12       EV: 14    Int: 21    God:    Gozag
Gold:   884        SH:  0    Dex: 13    Spells: 4/11 levels left

rFire   . . .        (no weapon)
rCold   . . .        (no shield)
rNeg    + . .        a - +0 robe
rPois   +            (helmet restricted)
rElec   .            j - +0 cloak
rCorr   .            (no gloves)
SInv    .            (boots unavailable)
Will    .....        (no amulet)
Stlth   ++           x - ring of poison resistance
HPRegen 0.27/turn    d - ring of positive energy
MPRegen 0.13/turn

%: no passive effects
@: gold aura, flying quickly and evasively, quick
A: beak, talons 3, nimble flight
a: Renounce Religion, Potion Petition, Call Merchant, Bribe Branch


You were on level 6 of the Dungeon.
You worshipped Gozag.
Gozag was pleased with you.
You visited 1 branch of the dungeon, and saw 6 of its levels.

You collected 920 gold pieces.
You paid 36 gold pieces to Gozag.

Inventory:

Hand Weapons
 s - a +1 dagger of flaming
 E - a +1 dagger of freezing
Missiles
 g - 68 stones
 h - 4 throwing nets
 n - 5 javelins
 y - 5 poisoned darts
 B - 2 datura-tipped darts
Armour
 a - a +0 robe (worn)
 j - a +0 cloak (worn)
 F - a +0 buckler
Jewellery
 d - a ring of positive energy (right hand)
 o - a +6 ring of intelligence
 x - a ring of poison resistance (left hand)
Talismans
 k - a serpent talisman
Wands
 c - a wand of charming (3)
 q - a wand of light (7)
 u - a wand of flame (19)
Scrolls
 e - a scroll of summoning {unknown}
 i - 2 scrolls of enchant weapon {unknown}
 l - 2 scrolls of teleportation
 r - 2 scrolls of fog
 v - 2 scrolls of revelation {unknown}
 w - 2 scrolls of poison {unknown}
 A - a scroll of identify
 D - a scroll of amnesia {unknown}
Potions
 b - a potion of magic
 f - 3 potions of attraction
 m - a potion of enlightenment
 p - a potion of invisibility {unknown}
 t - a potion of curing
 z - 2 potions of degeneration {unknown}
 C - a potion of berserk rage {unknown}


   Skills:
 - Level 1.0 Fighting
 - Level 2.1 Dodging
 - Level 3.0 Stealth
 - Level 2.0 Spellcasting
 - Level 10.0 Conjurations
 + Level 2.8 Hexes
 - Level 6.0 Translocations


You had 4 spell levels left.
You knew the following spells:

 Your Spells              Type           Power      Damage    Failure   Level
a - Magic Dart            Conj           100%       1d8       1%          1
b - Searing Ray           Conj           88%        2d7       1%          2
c - Iskenderun's Mystic   Conj/Tloc      35%        2d8       5%          4

Your spell library contained the following spells:

 Spells                   Type           Power      Damage    Failure   Level
 Dazzling Flash           Conj/Hex       58%        N/A       3%          3
 Fulminant Prism          Conj/Hex       14%        3d9       11%         4
 Inner Flame              Hex/Fire       8%         N/A       24%         3
 Yara's Violent Unravell  Hex/Tmut       4%         3d4       92%         5
 Enfeeble                 Hex            7%         N/A       100%        7


Dungeon Overview and Level Annotations

Branches:
Dungeon (6/15)
 Temple: D:4-7

Altars:
Fedhas
Gozag
Makhleb
Sif Muna
Trog
Vehumet
Zin

Annotations:
D:3 1 exclusion
D:5 2 transporters, drugrobin's ghost, novice DgDe
D:6 Maggie; Pikel


Innate Abilities, Weirdness & Mutations

You have a beak for a mouth.
You have claws for feet.
Your magical nature lets you fly swiftly and evasively.


Message History

There is a stone staircase leading up here.
You fly upwards.
Level annotation: 2 transporters, drugrobin's ghost, novice DgDe
There is a stone staircase leading down here.
You start resting.
HP restored.
You start resting.
Magic restored.
You see here a +0 short sword.
There is a stone staircase leading down here.
You fly downwards.
Level annotation: Maggie; Pikel
There is a stone staircase leading up here.
There is a stone staircase leading up here.
Things that are here:
a +0 ring mail; a +0 spear of freezing The magic dart hits the gnoll.
The gnoll is heavily wounded.
A steam dragon comes into view.
The magic dart hits the gnoll.
The gnoll is severely wounded.
The steam dragon hisses angrily.
The magic dart hits the gnoll.
You kill the gnoll!
The magic dart hits the steam dragon.
The steam dragon is lightly wounded.
The steam dragon breathes steam at you. The ball of steam hits you!
You hear a shout!
Things that are here:
6 gold pieces; a +0 halberd The steam dragon breathes steam at you.
The ball of steam hits you!
The lemure shouts!
A lemure comes into view.
The steam dragon breathes steam at you. The ball of steam hits you!!
Ouch! That really hurt!
You die...
Your body crumbles into a pile of gold.

#.......K~~[≈~~~..########
#
#......5~5~$≈≈≈≈≈.........
#......~~≈≈K[≈≈≈≈~.#######
.......≈≈≈≈.<.≈≈≈~..# ####
#..5~≈≈~.P...≈≈~~.# #...
##..~≈≈≈.._PP≈≈≈~.## #..#
....~≈≈≈...PP~≈~~..# #..#
###..≈≈≈≈.>.~≈≈~..)# #..#
##.~≈≈~≈@§§≈~~.#.# #..#
#..≈~≈§≈§§≈§§D..# #..#
##..~≈§§§§§.§§.[# #...
##...~§§.§.###.## #.##
###....§.....<.####.##
####...####..##.#... ##.##
#..#.#.### #[# #...###.##
#.#####..## ##.#


You could see Pikel and 3 lemures.

Vanquished Creatures
  Edmund (D:4)
  2 water moccasins (D:5)
  Duvessa (D:6)
  An ogre (D:5)
  A centaur (D:6)
  A lemure (D:6)
  A phantom (D:4)
  A gnoll sergeant (D:6)
  2 scorpions
  A water moccasin zombie (D:4)
  Dowan (D:6)
  A hound (D:6)
  3 jellies
  2 sleepcaps (D:5)
  A gnoll bouda (D:6)
  2 iguanas
  Ijyb (D:1)
  2 orc wizards (D:5)
  A hound zombie (D:4)
  A hound skeleton (D:4)
  11 gnolls
  7 adders
  An adder skeleton (D:4)
  A worm (D:4)
  3 dart slugs
  4 orcs
  6 endoplasms
  3 giant cockroaches
  13 goblins
  8 hobgoblins
  5 jackals
  2 quokkas
  6 ball pythons
  4 bats
  4 frilled lizards
  2 kobolds
  8 rats
115 creatures vanquished.

Notes
Turn   | Place    | Note
-------+----------+-------------------------------------------
     0 | D:1      | themarg the Tengu Conjurer began the quest for the Orb.
     0 | D:1      | Reached XP level 1. HP: 10/10 MP: 4/4
   238 | D:1      | Reached XP level 2. HP: 15/15 MP: 1/6
   241 | D:1      | Learned a level 2 spell: Searing Ray
  1153 | D:2      | Reached XP level 3. HP: 19/19 MP: 1/7
  1227 | D:2      | Reached skill level 6 in Conjurations
  1269 | D:2      | Found an opulent altar of Gozag.
  1301 | D:2      | Reached XP level 4. HP: 24/24 MP: 4/8
  1320 | D:2      | Became a worshipper of Gozag Ym Sagoz the Greedy
  1654 | D:2      | Reached skill level 7 in Conjurations
  1961 | D:2      | Noticed Ijyb
  2255 | D:1      | Killed Ijyb
  2256 | D:1      | Reached skill level 1 in Fighting
  3045 | D:3      | Gained mutation: Your magical nature lets you fly swiftly
                  | and evasively. [Tengu growth]
  3045 | D:3      | Reached XP level 5. HP: 29/29 MP: 7/9
  3146 | D:3      | Found a burning altar of Makhleb.
  3176 | D:3      | Reached skill level 1 in Translocations
  3907 | D:3      | Found a shimmering blue altar of Sif Muna.
  3991 | D:4      | Found a bloodstained altar of Trog.
  4151 | D:4      | Noticed a phantom
  4157 | D:4      | Killed a phantom
  4158 | D:4      | Reached XP level 6. HP: 34/34 MP: 2/10
  4500 | D:4      | Reached skill level 8 in Conjurations
  4817 | D:4      | Noticed Edmund
  5115 | D:4      | HP: 2/51 [Edmund/+2 heavy flail (5)]
  5127 | D:4      | HP: 1/51 [Edmund/+2 heavy flail (6)]
  5131 | D:4      | Killed Edmund
  5132 | D:4      | Reached XP level 7. HP: 15/38 MP: 1/11
  5544 | D:5      | Entered Level 5 of the Dungeon
  5735 | D:5      | Reached skill level 9 in Conjurations
  5965 | D:5      | Reached skill level 10 in Conjurations
  5977 | D:5      | Learned a level 4 spell: Iskenderun's Mystic Blast
  6040 | D:5      | Reached XP level 8. HP: 37/43 MP: 4/12
  6318 | D:5      | Found a glowing silver altar of Zin.
  6381 | D:5      | Reached skill level 5 in Translocations
  6517 | D:5      | Found a transporter.
  6586 | D:5      | Noticed drugrobin's ghost (novice DgDe)
  6592 | D:5      | Found a transporter.
  6607 | D:5      | Reached skill level 1 in Hexes
  7102 | D:6      | Found a blossoming altar of Fedhas.
  7135 | D:6      | Found a radiant altar of Vehumet.
  7591 | D:6      | Noticed Duvessa
  7591 | D:6      | Noticed Dowan
  7675 | D:6      | Killed Duvessa
  7897 | D:6      | Noticed Maggie
  7952 | D:6      | Killed Dowan
  8127 | D:6      | Noticed Pikel
  8505 | D:6      | Killed from afar by a steam dragon

Illustrated notes

Levels and vault maps discovered:
D:1:      matt_arrival_spirals, layout_loops_ring
D:2:      kennysheep_the_goblin_king, layout_loops_ring, basic_altar
D:3:      minmay_general_purpose_star, layout_basic, bloody_makhleb,
          nicolae_sif_muna_little_library, uniq_terence
D:4:      kennysheep_six_static_rooms, layout_basic,
          mainiacjoe_overflow_chevrons, serial_undead, serial_undead_e,
          serial_undead_d, serial_undead_d, serial_undead_e, uniq_edmund
D:5:      layout_basic, mainiacjoe_overflow_alcove_2, gammafunk_ghost_smash
D:6:      layout_loops_ring, fedhas_ov_isle_minmay,
          mainiacjoe_overflow_surrounded_room, uniq_pikel,
          uniq_crazy_yiuf_cottage, uniq_grinder, uniq_duvessa, uniq_maggie

Skill      XL: |  1  2  3  4  5  6  7  8 |
---------------+-------------------------+-----
Stealth        | 3 |  3.0
Conjurations   | 6 7 8 10 | 10.0
Fighting       | 1 |  1.0
Translocations | 2 3 4 6 |  6.0
Hexes          | 2 |  2.8
Dodging        | |  2.1
Spellcasting   | |  2.0

Action                     |  1- 3 |  4- 6 |  7- 9 || total
---------------------------+-------+-------+-------++-------
  Melee: Dagger            |     1 |    15 |       ||    16
         Kick              |       |     4 |       ||     4
         Peck              |       |     1 |       ||     1
         Unarmed           |       |    11 |       ||    11
  Throw: Dart              |       |       |     7 ||     7
   Cast: Magic Dart        |    31 |    74 |    65 ||   170
         Searing Ray       |     7 |    23 |    34 ||    64
         Iskenderun's Myst |       |       |     1 ||     1
  Evoke: Wand              |       |     2 |       ||     2
    Use: Potion            |       |     6 |       ||     6
         Scroll            |       |       |     3 ||     3
   Stab: Sleeping          |     1 |       |       ||     1
 Armour: Skin              |       |     7 |       ||     7
         Robe              |       |     3 |     2 ||     5
  Dodge: Dodged            |       |    24 |    25 ||    49

Table legend: (Time is in decaauts)
 A = Elapsed time spent in this place.
 B = Non-inter-level travel time spent in this place.
 C = Inter-level travel time spent in this place.
 D = Time resting spent in this place.
 E = Time spent auto-exploring this place.
 F = Levels seen in this place.
 G = Mean time per level.
                   A        B        C        D        E       F      G
               +--------+--------+--------+--------+--------+-----+--------+
         Total |   8214 |   7971 |    243 |    813 |   6043 |   6 | 1369.0 |
       Dungeon |   8214 |   7971 |    243 |    813 |   6043 |   6 | 1369.0 |
               +--------+--------+--------+--------+--------+-----+--------+

Top non-repeatable levels by time:
     D:1: 1974 daAuts
     D:5: 1799 daAuts
     D:4: 1523 daAuts
     D:6: 1026 daAuts
     D:2: 1020 daAuts
     D:3: 869 daAuts
